 Dungeon Crawl Stone Soup version 0.24.0-123-gd5b16e6ec5 (webtiles) character file.

Game seed: 5950692193413175773, levelgen mode: deterministic

66 Legadrian the Insei (level 4, -1/33 HPs)
             Began as a Human Transmuter on Feb 11, 2020.
             Slain by an adder (4 damage)
             ... on level 3 of the Dungeon.
             The game lasted 00:07:50 (2090 turns).

Legadrian the Insei (Human Transmuter)              Turns: 2090, Time: 00:07:51

Health: -1/33      AC:  4    Str: 11    XL:     4   Next: 37%
Magic:  2/7        EV: 13    Int: 14    God:
Gold:   124        SH:  0    Dex: 13    Spells: 2/8 levels left

rFire    . . .     SeeInvis .   n - +0 dagger (curse)
rCold    . . .     Gourm    .   (no shield)
rNeg     . . .     Faith    .   b - +0 robe
rPois    .         Spirit   .   (no helmet)
rElec    .         Reflect  .   e - +0 cloak
rCorr    .         Harm     .   h - +0 pair of gloves
MR       .....                  (no boots)
Stlth    +.........             (no amulet)
HPRegen  0.11/turn              (no ring)
MPRegen  0.10/turn              (no ring)

@: lethally poisoned (-1 -> -5), appendage (expiring)
A: horns 2
a: End Transformation


You were on level 3 of the Dungeon.
You were hungry.
You had grown temporary horns.
You visited 1 branch of the dungeon, and saw 4 of its levels.

You collected 124 gold pieces.

Inventory:

Hand Weapons
 f - a +1 dagger
 n - a cursed +0 dagger (weapon)
Missiles
 a - 9 arrows
 g - 5 boomerangs (quivered)
 j - 55 stones
Armour
 b - a +0 robe (worn)
 e - a +0 cloak (worn)
 h - a +0 pair of gloves (worn)
Scrolls
 c - a scroll of enchant weapon
 m - a scroll of identify
Potions
 i - a potion of lignification {unknown}
 k - a potion of flight {unknown}
 l - a potion of berserk rage {unknown}
Comestibles
 d - 3 rations


   Skills:
 * Level 2.0 Fighting
 + Level 2.8 Dodging
 - Level 3.0 Unarmed Combat
 + Level 2.5 Spellcasting
 + Level 2.6 Transmutations


You had 2 spell levels left.
You knew the following spells:

 Your Spells              Type           Power        Failure   Level  Hunger
a - Beastly Appendage     Tmut           #.....       8%          1    #......
b - Sticks to Snakes      Tmut           #.......     12%         2    ###....
c - Spider Form           Tmut/Pois      #.........   36%         3    ###....

Your spell library contained the following spells:

 Spells                   Type           Power        Failure   Level  Hunger
 Ice Form                 Ice/Tmut       #.......     78%         4    #####..
 Blade Hands              Tmut           #.........   91%         5    ######.


Dungeon Overview and Level Annotations

Branches:
Dungeon (4/15)
 Temple: D:4-7

Altars:


Innate Abilities, Weirdness & Mutations

You have a pair of horns on your head.


Message History

The orc hits you with a +0 hand axe.
* * * LOW HITPOINT WARNING * * *
The adder bites you but does no damage.
You hit the adder. Your headbutt misses the adder.
The adder is heavily wounded.
The adder bites you.
* * * LOW HITPOINT WARNING * * *
The orc hits you but does no damage.
You hit the adder.
The adder is heavily wounded.
The adder bites you.
* * * LOW HITPOINT WARNING * * *
You are lethally poisoned!
The adder poisons you! The orc barely misses you.
The adder bites you but does no damage.
You closely miss the adder.
The adder is heavily wounded.
* * * LOW HITPOINT WARNING * * *
You feel sick. The orc closely misses you. The adder bites you.
You die...

#########
##.# o...
#..# ..o
#o## ## #.#
#o# #o# #.#
#o######...
#oo@S....#
##########


You could see an adder and 3 orcs.

Vanquished Creatures
  An iguana (D:4)
  An adder skeleton (D:4)
  2 dart slugs
  A leopard gecko (D:1)
  A giant cockroach (D:1)
  A hobgoblin (D:1)
  2 jackals (D:1)
  6 kobolds
  A quokka (D:4)
  4 bats
  5 goblins (D:1)
  9 rats
34 creatures vanquished.

Notes
Turn   | Place    | Note
-------+----------+-------------------------------------------
     0 | D:1      | Legadrian the Human Transmuter began the quest for the Orb.
     0 | D:1      | Reached XP level 1. HP: 15/15 MP: 3/3
   356 | D:1      | Reached XP level 2. HP: 6/21 MP: 3/5
   564 | D:1      | Learned a level 2 spell: Sticks to Snakes
  1092 | D:1      | Reached XP level 3. HP: 21/26 MP: 6/6
  1100 | D:1      | Learned a level 3 spell: Spider Form
  1606 | D:2      | You fall into a shaft and drop 2 floors!
  1664 | D:4      | Reached XP level 4. HP: 4/33 MP: 7/7
  2090 | D:3      | Slain by an adder

Levels and vault maps discovered:
D:1:      mrwooster_arrival_statue, layout_basic, minmay_rat_gold_closets
D:2:      layout_basic, grunt_temple_overflow_opulence, trog_hazing_becter
D:3:      layout_loops_ring, grunt_dithmenos_smoke_and_mirrors, first_ration
D:4:      layout_loops_cross, temple_doors_e, corexii_checkpoint_a,
          chequers_big_river

Skill      XL: |  1  2  3 |
---------------+----------+-----
Fighting       | 2 |  2.0
Dodging        | |  2.8
Unarmed Combat | |  3.0
Spellcasting   | |  2.5
Transmutations | |  2.6

Action                   |  1- 3 |  4- 6 || total
-------------------------+-------+-------++-------
Melee: Dagger            |   150 |    44 ||   194
       Spear             |     6 |       ||     6
       Headbutt          |     8 |     4 ||    12
       Kick              |     7 |     2 ||     9
       Punch             |     2 |       ||     2
 Cast: Beastly Appendage |    19 |     3 ||    22
       Sticks to Snakes  |       |     3 ||     3
  Use: Scroll            |     3 |     2 ||     5
 Stab: Sleeping          |     1 |       ||     1
  Eat: Chunk             |     3 |     1 ||     4
Armor: Robe              |    25 |    11 ||    36
Dodge: Dodged            |   114 |    44 ||   158
